 Dungeon Crawl Stone Soup version 0.31-a0-818-ge7c7cf74f0 (webtiles) character file.

Game seed: 5647481187882012264

1259 Kurtz the Cleaver (level 8, -4/52 HPs)
             Began as an Octopode Fighter on Sept 22, 2023.
             Slain by an orc warrior
             ... wielding a +0 battleaxe
              (11 damage)
             ... on level 6 of the Dungeon.
             The game lasted 00:10:08 (5170 turns).

Kurtz the Cleaver (Octopode Fighter)                Turns: 5170, Time: 00:10:09

Health: -4/52      AC:  1    Str: 17    XL:     8   Next: 51%
Magic:  9/9        EV: 13    Int: 11    God:
Gold:   264        SH:  5    Dex: 11    Spells: 8/9 levels left

rFire   . . .        v - +1 demon trident (freeze)
rCold   . . .        b - +0 buckler
rNeg    + . .        (helmet restricted)
rPois   .            (no amulet)
rElec   .            x - ring of positive energy
rCorr   .            (no ring)
SInv    .            (no ring)
Will    .....        (no ring)
Stlth   ++           (no ring)
HPRegen 0.28/turn    (no ring)
MPRegen 0.11/turn    (no ring)
                     (no ring)

%: no passive effects
@: mighty
A: almost no armour, amphibious, 8 rings, camouflage 1, gelatinous body 1,
(nimble swimmer 1), tentacles, tentacle spike 2, screaming 1
a: no special abilities


You were on level 6 of the Dungeon.
You visited 2 branches of the dungeon, and saw 7 of its levels.

You collected 328 gold pieces.
You spent 64 gold pieces at shops.

Inventory:

Hand Weapons
 a - a +0 war axe
 e - a +0 spear of venom
 r - a +1 dagger of venom
 v - a +1 demon trident of freezing (weapon)
Missiles
 f - 4 javelins
 A - 2 poisoned darts (quivered)
Armour
 b - a +0 buckler (worn)
Jewellery
 q - a ring of fire
 x - a ring of positive energy (left tentacle)
Wands
 w - a wand of flame (3)
Scrolls
 g - 2 scrolls of vulnerability {unknown}
 j - 2 scrolls of fog {unknown}
 l - 5 scrolls of teleportation
 m - 2 scrolls of enchant armour {unknown}
 n - 5 scrolls of blinking {unknown}
 s - a scroll of immolation {unknown}
 y - a scroll of poison {unknown}
 C - 2 scrolls of brand weapon {unknown}
 D - a scroll of identify {unknown}
 E - a scroll of amnesia {unknown}
Potions
 c - 6 potions of might
 d - 2 potions of mutation
 h - a potion of lignification {unknown}
 k - 2 potions of brilliance {unknown}
 o - 3 potions of degeneration {unknown}
 p - a potion of haste {unknown}
 t - 2 potions of curing
 u - a potion of invisibility {unknown}
 z - 2 potions of attraction {unknown}
 B - a potion of cancellation {unknown}


   Skills:
 * Level 3.3 Fighting
 * Level 9.0 Axes
 - Level 3.0 Dodging
 * Level 4.9 Shields
 * Level 1.2 Spellcasting
 * Level 1.3 Necromancy


You had 8 spell levels left.
You knew the following spells:

 Your Spells              Type           Power      Damage    Failure   Level
a - Necrotise             Necr           12%        1d4       24%         1

Your spell library contained the following spells:

 Spells                   Type           Power      Damage    Failure   Level
 Apportation              Tloc           0%         N/A       38%         1
 Magic Dart               Conj           0%         1d3       38%         1
 Summon Small Mammal      Summ           0%         N/A       38%         1
 Call Imp                 Summ           0%         N/A       52%         2
 Mephitic Cloud           Conj/Pois/Air  0%         N/A       77%         3


Dungeon Overview and Level Annotations

Branches:
Dungeon (6/15)             Temple (1/1) D:5

Altars:
Ashenzari
Cheibriados
Dithmenos
Elyvilon
Fedhas
Hepliaklqana
Makhleb
Qazlal
Ru
Sif Muna
Trog
Uskayaw
Vehumet
Wu Jian
Xom
Zin

Shops:
D:1 *   D:4 [*

Annotations:
D:2 Sigmund
D:5 exclusion: 2 upstairs
D:6 Pikel


Innate Abilities, Weirdness & Mutations

You cannot wear most types of armour.
You are amphibious.
You can wear up to eight rings at the same time.
Your skin changes colour to match your surroundings (Stealth+).
Your rubbery body absorbs attacks. (AC +1, EV +1)
((You are camouflaged when in or above water. (Stealth+)))
You have tentacles for arms and can constrict up to eight enemies at once.
One of your tentacles bears a nasty spike.
You occasionally shout uncontrollably at your foes.


Message History

You block the orc warrior's attack. The ice beast hits you.
The ice beast freezes you!
* * * LOW HITPOINT WARNING * * *
Unknown command.
You feel much better.
The orc warrior hits you with a +0 battleaxe.
The ice beast hits you. The ice beast freezes you!
* * * LOW HITPOINT WARNING * * *
You feel much better.
The orc warrior hits you with a +0 battleaxe!
The ice beast hits you but does no damage.
You barely miss the ice beast. Your squeeze misses the ice beast.
The ice beast is almost dead.
The orc warrior hits you with a +0 battleaxe!
The ice beast barely misses you.
Unknown command.
You closely miss the ice beast. Your squeeze misses the ice beast.
The ice beast is almost dead.
The orc warrior misses you. The ice beast hits you. The ice beast freezes you!
* * * LOW HITPOINT WARNING * * *
Unknown command.
You feel better. You block the orc warrior's attack.
The ice beast hits you but does no damage.
The orc warrior barely misses you. The ice beast hits you.
* * * LOW HITPOINT WARNING * * *
The ice beast freezes you!
* * * LOW HITPOINT WARNING * * *
You climb downwards.
Level annotation: Pikel The orc closely misses you. x2
There is a stone staircase leading up, spattered with blood here.
The orc warrior attacks as it pursues you!
You block the orc warrior's attack.
The ice beast attacks as it pursues you!
The ice beast closely misses you. The orc attacks as it pursues you!
The orc hits you with a +0 dagger.
* * * LOW HITPOINT WARNING * * *
The orc warrior attacks as it pursues you!
The orc warrior hits you with a +0 battleaxe!
You die...

.#. ..# . ..##.#
.. ....# #.
#...# ..#...#
....# #..#######
####@.......
.####..oY.......
o.......o#####..
#........#
.....5[..#
......##.#
...... #?#
#..... ..#
...### ..#


You could see an orc warrior, an ice beast, a white imp and an orc.

Vanquished Creatures
  2 ice beasts (D:5)
  A centaur (D:6)
  4 ogres
  A phantom (D:6)
  A bullfrog (D:6)
  A scorpion (D:5)
  A howler monkey (D:5)
  6 hounds
  A gnoll bouda (D:5)
  An orc wizard (D:5)
  An iguana (D:5)
  A gnoll (D:5)
  8 adders
  A white imp (D:5)
  An ufetubus (D:5)
  2 worms
  5 dart slugs
  6 orcs
  10 endoplasms
  2 giant cockroaches (D:2)
  3 goblins
  3 hobgoblins
  2 jackals (D:4)
  6 kobolds
  4 quokkas
  4 ball pythons
  4 bats
  2 frilled lizards
  4 rats
88 creatures vanquished.

Notes
Turn   | Place    | Note
-------+----------+-------------------------------------------
     0 | D:1      | Kurtz the Octopode Fighter began the quest for the Orb.
     0 | D:1      | Reached XP level 1. HP: 16/16 MP: 1/1
   189 | D:1      | Reached XP level 2. HP: 21/21 MP: 2/2
   283 | D:1      | Reached skill level 3 in Axes
   338 | D:1      | Found Oshaunoa's Assorted Antiques.
   458 | D:1      | Reached XP level 3. HP: 26/26 MP: 3/3
   755 | D:2      | Found a radiant altar of Vehumet.
  1181 | D:2      | Reached skill level 4 in Axes
  1181 | D:2      | Reached XP level 4. HP: 18/31 MP: 4/4
  1662 | D:2      | Noticed Sigmund
  2004 | D:3      | Gained mutation: You occasionally shout uncontrollably at
                  | your foes. [potion of mutation]
  2004 | D:3      | Gained mutation: One of your tentacles bears a spike.
                  | [potion of mutation]
  2004 | D:3      | Gained mutation: One of your tentacles bears a nasty spike.
                  | [potion of mutation]
  2641 | D:4      | Reached XP level 5. HP: 36/36 MP: 5/5
  2756 | D:4      | Found Luffiti's CLEARANCE SALE!.
  2763 | D:4      | Bought a scroll of teleportation for 6 gold pieces
  2763 | D:4      | Bought a potion of curing for 6 gold pieces
  2763 | D:4      | Bought a wand of paralysis (11) for 52 gold pieces
  2791 | D:4      | Found Muxo Fed's Antique Armour Shop.
  2798 | D:4      | Reached skill level 5 in Axes
  3085 | D:5      | Entered Level 5 of the Dungeon
  3145 | D:5      | Found a staircase to the Ecumenical Temple.
  3158 | Temple   | Entered the Ecumenical Temple
  3352 | D:5      | Noticed an ogre
  3359 | D:5      | Noticed a kobold brigand
  3388 | D:5      | Reached XP level 6. HP: 21/42 MP: 6/6
  3589 | D:5      | Reached skill level 6 in Axes
  3767 | D:5      | Noticed an ice beast
  3780 | D:5      | Killed an ice beast
  3781 | D:5      | Reached skill level 7 in Axes
  3781 | D:5      | Reached XP level 7. HP: 19/46 MP: 7/7
  4449 | D:5      | Learned a level 1 spell: Necrotise
  4810 | D:6      | Reached skill level 8 in Axes
  4828 | D:6      | Reached XP level 8. HP: 49/52 MP: 8/8
  4836 | D:6      | Found a hide-covered altar of Uskayaw.
  4895 | D:5      | Reached skill level 1 in Necromancy
  4912 | D:5      | Reached skill level 1 in Spellcasting
  5019 | D:6      | Noticed Pikel
  5136 | D:5      | Reached skill level 9 in Axes
  5170 | D:6      | Slain by an orc warrior

Illustrated notes

Levels and vault maps discovered:
D:1:      wander_arrival_estate, layout_basic, serial_shops, shop,
          reono_crystal_passage
D:2:      layout_basic, basic_altar, nicolae_half_adder, uniq_sigmund
D:3:      layout_basic, chequers_serial_rivers_micro_c
D:4:      layout_rooms, serial_shops, nicolae_shop_gibbet_a_chance,
          corner_web_ring, nicolae_shop_clearance
D:5:      minmay_thinvault, layout_loops_cross, minmay_temple_entry_tees
D:6:      layout_cave_pools, kennysheep_vampire_church,
          nicolae_overflow_crystal_walls, nicolae_uskayaw_dance_hall,
          nicolae_sextant, uniq_pikel
Temple:   bh_familiar_temple

Skill      XL: |  1  2  3  4  5  6  7  8 |
---------------+-------------------------+-----
Axes           | 3 4 5 7 8 9 |  9.0
Shields        | 4 |  4.9
Necromancy     | 1 |  1.3
Spellcasting   | 1 |  1.2
Fighting       | |  3.3
Dodging        | |  3.0

Action                     |  1- 3 |  4- 6 |  7- 9 || total
---------------------------+-------+-------+-------++-------
  Melee: War axe           |    61 |    14 |       ||    75
         Tentacles         |    12 |     9 |    12 ||    33
         Constrict         |    14 |    10 |     8 ||    32
         Punch             |     2 |       |       ||     2
         Spear             |       |    33 |       ||    33
         Kick              |       |    12 |     9 ||    21
         Demon trident     |       |    30 |    63 ||    93
  Throw: Throwing net      |       |     1 |       ||     1
  Evoke: Wand              |       |     4 |     9 ||    13
    Use: Potion            |       |     2 |     5 ||     7
   Stab: Sleeping          |     3 |     6 |     1 ||    10
         Paralysed         |       |     3 |     3 ||     6
         Held in net/web   |       |     1 |       ||     1
 Armour: Skin              |    24 |    37 |    50 ||   111
  Dodge: Dodged            |    39 |    56 |    46 ||   141
  Block: Buckler           |     9 |    19 |    24 ||    52

Table legend: (Time is in decaauts)
 A = Elapsed time spent in this place.
 B = Non-inter-level travel time spent in this place.
 C = Inter-level travel time spent in this place.
 D = Time resting spent in this place.
 E = Time spent auto-exploring this place.
 F = Levels seen in this place.
 G = Mean time per level.
                   A        B        C        D        E       F      G
               +--------+--------+--------+--------+--------+-----+--------+
         Total |   5217 |   4885 |    332 |    921 |   2837 |   7 |  745.3 |
       Dungeon |   5185 |   4865 |    320 |    921 |   2837 |   6 |  864.2 |
        Temple |     31 |     19 |     12 |      0 |      0 |   1 |   31.0 |
               +--------+--------+--------+--------+--------+-----+--------+

Top non-repeatable levels by time:
     D:5: 1721 daAuts
     D:2: 1223 daAuts
     D:1: 814 daAuts
     D:3: 630 daAuts
     D:4: 627 daAuts
     D:6: 168 daAuts
  Temple: 31 daAuts
